 Dungeon Crawl Stone Soup version 0.25-a0-613-gf4b266557c (webtiles) character file.

Game seed: 18286220881767266751, levelgen mode: deterministic

77 Notrik the Skirmisher (level 4, -10/30 HPs)
             Began as a Gargoyle Fighter on Mar 16, 2020.
             Splashed by an oklob plant's acid (15 damage)
             ... on level 2 of the Dungeon on Mar 17, 2020.
             The game lasted 00:04:39 (1601 turns).

Notrik the Skirmisher (Gargoyle Fighter)            Turns: 1601, Time: 00:04:39

Health: -10/30     AC:  6    Str: 20    XL:     4   Next: 34%
Magic:  4/4        EV:  7    Int:  9    God:
Gold:   70         SH:  9    Dex:  9    Spells: 3/3 levels left

rFire    . . .     SeeInvis .   a - +0 flail
rCold    . . .     Gourm    .   c - +0 kite shield
rNeg     + . .     Faith    .   b - +0 scale mail
rPois    ∞         Spirit   .   (no helmet)
rElec    +         Reflect  .   (no cloak)
rCorr    .         Harm     .   (no gloves)
MR       .....                  (no boots)
Stlth    ..........             (no amulet)
HPRegen  0.10/turn              (no ring)
MPRegen  0.09/turn              (no ring)

@: corroded
A: negative energy resistance 1, electricity resistance, unbreathing,
petrification resistance, rot immunity, AC +3
a: no special abilities


You were on level 2 of the Dungeon.
You were not hungry.

You visited 1 branch of the dungeon, and saw 2 of its levels.

You collected 70 gold pieces.

Inventory:

Hand Weapons
 a - a +0 flail (weapon)
Armour
 b - a +0 scale mail (worn)
 c - a +0 kite shield (worn)
 n - a +0 pair of gloves
   (You found it on level 1 of the Dungeon)
Jewellery
 k - an uncursed amulet of regeneration {unknown}
   (You found it on level 1 of the Dungeon)
Scrolls
 f - 2 scrolls of enchant weapon {unknown}
 j - a scroll of identify {unknown}
 l - 3 scrolls of teleportation {unknown}
 m - a scroll of blinking {unknown}
 q - a scroll of fog {unknown}
 r - a scroll of enchant armour {unknown}
Potions
 d - a potion of might
 g - 2 potions of degeneration {unknown}
 h - a potion of brilliance {unknown}
 i - 2 potions of cancellation {unknown}
 o - 2 potions of lignification {unknown}
 s - a potion of heal wounds {unknown}
Comestibles
 e - 2 rations {!d}


   Skills:
 * Level 4.9 Fighting
 + Level 2.9 Maces & Flails
 - Level 3.2 Armour
 - Level 3.2 Shields


You had 3 spell levels left.
You didn't know any spells.
Your spell library was empty.

Dungeon Overview and Level Annotations

Branches:
Dungeon (2/15)

Altars:
Fedhas
Okawaru

Annotations:
D:2 exclusion: oklob plant


Innate Abilities, Weirdness & Mutations

You are resistant to torment.
Your stone body is resilient. (AC +3)
You are immune to poison.
You resist negative energy. (rN+)
You are resistant to electric shocks. (rElec)
You can survive without breathing.
You are immune to petrification.
You are immune to rotting.


Message History

You hit the plant but do no damage. You thump the plant!
You hit the plant but do no damage. You hit the plant but do no damage.
You sock the plant! You hit the plant. You sock the plant! You hit the plant.
You hit the plant but do no damage. You hit the plant.
You destroy the plant!
You hit the plant. You hit the plant. You sock the plant!
You hit the plant but do no damage. You hit the plant but do no damage.
You hit the plant. You hit the plant. You hit the plant but do no damage.
You hit the plant but do no damage. You hit the plant. You hit the plant.
You hit the plant but do no damage. You hit the plant.
You hit the plant but do no damage. You hit the plant.
You hit the plant but do no damage. You hit the plant but do no damage.
You hit the plant but do no damage. You sock the plant!
You destroy the plant!
All of the chunks of flesh in your inventory have rotted away.
You hit the fungus but do no damage. You sock the fungus! You hit the fungus.
You thump the fungus! You sock the fungus! You hit the fungus but do no damage.
You sock the fungus! You sock the fungus!
You destroy the fungus!
The oklob plant spits acid at you. The splash of acid hits you!
You are splashed with acid!
* * * LOW HITPOINT WARNING * * *
The oklob plant spits acid at you. The splash of acid hits you!
* * * LOW HITPOINT WARNING * * *
The acid corrodes you!
You are splashed with acid!
Ouch! That really hurt!
You die... [....######### #.# ########### ######## .P.PPPPPP.♣♣#P#P.#.♣# ♣♣PPP♣PPP♣PPPP#P.PPP# .♣PPPPP.♣P#.#P%%.%.P# PPPP.PPPPPPP#PPP...P#

.PP#PP........PP.PPP#
P.♣.P..≈≈.≈≈..♣P.PP##
PPP#..≈≈≈.≈≈≈...@#P♣#
PPP..≈≈≈≈.≈≈≈≈..♣♣PP#
P♣..≈≈≈≈≈.≈≈≈≈≈..P#P#
PP..≈≈≈≈...≈≈≈≈.PPPP#
PPP.≈≈≈≈._.≈≈≈≈.PPPP#
P#♣.≈≈≈≈...≈≈≈≈.PP#♣#
P#♣.≈≈≈≈≈≈≈≈≈≈≈.PP#
PPP..≈≈≈≈≈≈≈≈≈..P#P
#P♣#..≈≈≈≈≈≈≈..PP.P♣


You could see an oklob plant.

Vanquished Creatures
  2 adders (D:2)
  A worm (D:2)
  3 dart slugs
  2 giant cockroaches (D:2)
  5 goblins
  5 hobgoblins
  7 jackals
  2 quokkas (D:2)
  A ball python (D:1)
  7 bats
  2 frilled lizards (D:2)
  6 kobolds
  4 rats
  2 fungi (D:2)
  2 plants (D:2)
51 creatures vanquished.

Notes
Turn   | Place    | Note
-------+----------+-------------------------------------------
     0 | D:1      | Notrik the Gargoyle Fighter began the quest for the Orb.
     0 | D:1      | Reached XP level 1. HP: 14/14 MP: 1/1
   103 | D:1      | Reached XP level 2. HP: 20/20 MP: 2/2
   212 | D:1      | Reached skill level 4 in Fighting
   256 | D:1      | Reached XP level 3. HP: 20/24 MP: 3/3
   257 | D:1      | Upgraded the game from 0.25-a0-603-g0321be95db to
                  | 0.25-a0-613-gf4b266557c
  1041 | D:2      | Reached XP level 4. HP: 28/30 MP: 4/4
  1324 | D:2      | Found an iron altar of Okawaru.
  1495 | D:2      | Found a blossoming altar of Fedhas.
  1516 | D:2      | Noticed an oklob plant
  1601 | D:2      | Splashed by an oklob plant's acid

Levels and vault maps discovered:
D:1:      dpeg_arrival_subterranean_lakeside_camping, layout_rooms,
          chequers_serial_rivers_large_b, glass_columns_a
D:2:      layout_basic, tgw_fedhas, lemuel_doored_altar, minivault_23,
          nrook_mini_vaults

Skill      XL: |  1  2 |
---------------+-------+-----
Fighting       | 4 |  4.9
Maces & Flails | |  2.9
Armour         | |  3.2
Shields        | |  3.2

Action                   |  1- 3 |  4- 6 || total
-------------------------+-------+-------++-------
Melee: Flail             |   170 |    92 ||   262
  Eat: Chunk             |     1 |     2 ||     3
Armor: Scale mail        |   138 |    17 ||   155
Dodge: Dodged            |    89 |    13 ||   102
Block: Kite shield       |   151 |    21 ||   172

Table legend:
 A = Non-vault XP
 B = Vault XP
 C = Vault XP percentage of total XP
 D = Non-vault monster count
 E = Vault monster count
 F = Vault count percentage of total count
                 A         B        C        D         E       F
            +---------+---------+-------+---------+---------+-------
      Total |     102 |       9 |   8.1 |      41 |       6 |  12.8
            +---------+---------+-------+---------+---------+-------
        D:1 |      27 |       9 |  25.0 |      14 |       6 |  30.0
        D:2 |      75 |       0 |   0.0 |      27 |       0 |   0.0
            +---------+---------+-------+---------+---------+-------
